 Dungeon Crawl Stone Soup version 0.30.1-1-g62c8e00024 (webtiles) character file.

Game seed: 16421776593795413480

9933 Heoruswealwe the Eclecticist (level 11, -2/59 HPs)
             Began as a Deep Elf Conjurer on July 17, 2023.
             Was an Elder of Vehumet.
             Slain by a two-headed ogre
             ... wielding a +0 giant spiked club
              (27 damage)
             ... on level 10 of the Dungeon.
             The game lasted 02:28:00 (12016 turns).

Heoruswealwe the Eclecticist (Deep Elf Conjurer)   Turns: 12016, Time: 02:28:01

Health: -2/59      AC:  6    Str:  4    XL:     11   Next: 29%
Magic:  26/33      EV: 12    Int: 28    God:    Vehumet [****..]
Gold:   115        SH:  5    Dex: 13    Spells: 19/42 levels left

rFire   x . .        a - staff of conjuration
rCold   . . .        (no shield)
rNeg    . . .        c - +1 robe {Will+}
rPois   +            g - +1 helmet {SInv}
rElec   .            h - +0 cloak
rCorr   +            (no gloves)
SInv    +            (no boots)
Will    ++...        i - amulet of reflection
Stlth   ++           k - ring of poison resistance
HPRegen 0.29/turn    j - ring of resist corrosion
MPRegen 0.23/turn

%: reflection
@: no status effects
A: passive freeze, robust 1, heat vulnerability 1
a: Renounce Religion


You were on level 10 of the Dungeon.
You worshipped Vehumet.
Vehumet was greatly pleased with you.
You visited 2 branches of the dungeon, and saw 11 of its levels.
You also visited: Sewer.

You collected 624 gold pieces.
You spent 509 gold pieces at shops.

Inventory:

Hand Weapons
 b - a +3 war axe of electrocution
 e - the +9 sling "Sinohy" {drain, Will+}
   (You found it on level 6 of the Dungeon)

   Will:      It increases your willpower.
 w - a +0 rapier
 x - the +12 pair of quick blades "Gyre" and "Gimble" {protect}
   (You found it on level 10 of the Dungeon)
Armour
 c - a +1 robe of willpower (worn)
 f - +0 acid dragon scales
 g - a +1 helmet of see invisible (worn)
 h - a +0 cloak (worn)
 u - +0 steam dragon scales
Magical Staves
 a - a staff of conjuration (weapon)
 o - a staff of cold
Jewellery
 i - an amulet of reflection (around neck)
 j - a ring of resist corrosion (right hand)
 k - a ring of poison resistance (left hand)
 r - a ring of flight
Wands
 D - a wand of acid (12)
Scrolls
 d - 2 scrolls of blinking
 l - 3 scrolls of identify
 m - 4 scrolls of fear
 n - a scroll of magic mapping
 p - 7 scrolls of teleportation
 q - 2 scrolls of poison
 z - a scroll of enchant weapon
Potions
 s - a potion of mutation
 v - 4 potions of brilliance
 y - 3 potions of haste
 A - 3 potions of heal wounds


   Skills:
 - Level 2.4 Dodging
 - Level 2.4 Stealth
 + Level 16.3 Spellcasting
 + Level 14.3 Conjurations


You had 19 spell levels left.
You knew the following spells:

 Your Spells              Type           Power      Damage    Failure   Level
a - Magic Dart            Conj           100%       1d8       0%          1
b - Kiss of Death         Conj/Necr      100%       2d13      1%          1
c - Searing Ray           Conj           100%       2d8       0%          2
d - Hailstorm             Conj/Ice       76%        3d16      1%          3
e - Dazzling Flash        Conj/Hex       100%       N/A       1%          3
f - Iskenderun's Mystic   Conj/Tloc      76%        2d15      1%          4
g - Fulminant Prism       Conj/Hex       38%        3d17      1%          4
h - Arcjolt               Conj/Air       38%        1d48      1%          5

Your spell library contained the following spells:

 Spells                   Type           Power      Damage    Failure   Level
 Sticky Flame             Conj/Fire      76%        2d9       1%          4
 Freeze                   Ice            88%        1d9       1%          1
 Summon Small Mammal      Summ           88%        N/A       1%          1
 Frozen Ramparts          Ice            44%        1d7       1%          3
 Cigotuvi's Dreadful Rot  Necr/Pois/Air  44%        N/A       3%          2
 Ensorcelled Hibernation  Hex/Ice        44%        N/A       3%          2
 Sublimation of Blood     Necr           22%        N/A       3%          2
 Wereblood                Tmut           22%        N/A       3%          2
 Call Canine Familiar     Summ           22%        N/A       6%          3
 Spider Form              Tmut/Pois      22%        N/A       6%          3
 Summon Guardian Golem    Hex/Summ       22%        N/A       6%          3
 Vhi's Electric Charge    Tloc/Air       44%        N/A       6%          3
 Anguish                  Hex/Necr       11%        N/A       21%         4
 Dispel Undead            Necr           22%        3d12      21%         4
 Plasma Beam              Fire/Air       11%        2x1d24    58%         6
 Death Channel            Necr           11%        N/A       97%         6
 Summon Hydra             Summ           11%        N/A       100%        7


Dungeon Overview and Level Annotations

Branches:
Dungeon (10/15)            Temple (1/1) D:4           Sewer (visited)
   Lair: D:8-11         Orc: D:9-12

Altars:
Ashenzari
Cheibriados
Dithmenos
Elyvilon
Fedhas
Gozag
Hepliaklqana
Kikubaaqudgha
Makhleb
Nemelex Xobeh
Okawaru
Qazlal
Ru
Sif Muna
Trog
Uskayaw
Vehumet
Wu Jian
Xom
Yredelemnul
Zin
The Shining One

Shops:
D:5 [   D:8 =   D:9 *[=:(   D:10 [

Portals:
Trove: D:10 (give 2 scrolls of acquirement)

Annotations:
D:10 1 transporter


Innate Abilities, Weirdness & Mutations

A frigid envelope surrounds you and freezes all who hurt you.
You are robust. (+10% HP)
You are vulnerable to heat. (rF-)


Message History

Confirm with . or Enter, or press ? or * to list all spells.
You feel a surge of power!
You erupt in a blast of force!
The mystic blast hits the orc wizard!
You kill the orc wizard!
Vehumet accepts your kill.
The mystic blast hits the orc!!
You kill the orc!
Vehumet accepts your kill.
The mystic blast hits the orc wizard!!
You kill the orc wizard!
Vehumet accepts your kill.
Vehumet offers you knowledge of Sticky Flame.
The mystic blast hits the orc!
You kill the orc!
Vehumet accepts your kill.
You feel your power returning.
The mystic blast hits the orc wizard!
The orc wizard is almost dead.
The orc wizard is knocked back by the mystic blast.
The mystic blast hits the two-headed ogre!
The two-headed ogre is heavily wounded.
The two-headed ogre is knocked back by the mystic blast.
You feel better.
Casting: Iskenderun's Mystic Blast (safe; 1% risk of failure)
Confirm with . or Enter, or press ? or * to list all spells.
You feel a surge of power!
You erupt in a blast of force!
The mystic blast hits the orc wizard!!
You kill the orc wizard!
Vehumet accepts your kill.
The mystic blast hits the orc warrior.
The orc warrior is lightly wounded.
The orc warrior is knocked back by the mystic blast.
The orc warrior slams into the stone wall!
The orc warrior is moderately wounded.
The mystic blast hits the two-headed ogre!
The two-headed ogre is almost dead.
The two-headed ogre hits you with a +0 giant spiked club!!
The two-headed ogre is very cold.
The two-headed ogre is almost dead.
The two-headed ogre hits you with a +0 giant spiked club!!
You die...

#<.##..##..# #..# #.....##.
#..##..##..# #..# #..##.##.
#..########## #..#####..##.##.
#.##o........##.....()..##.##.
#.# ..## ##...#...####..##.##.
#.#....#.#...)#...# #..##.##.
#.#O#......?#)#...# #..##....
####.#.##.8.8.##O#...#
#..##....
....©#©#...oo.o#@#©).#
#..##....
.....#o##.8.8.##.#...#
#..##.###
.....#.#......$#)#...# #..##.#
# .....#.O..#
#...)##..####..##.# #
[....#...## ##...##........##.#
#
.....##..oo...o.###........##.#
# ......##########
#........##.# # .[....#...#..#
#........##.# # ......#...#..#
#........##.# #


You could see a two-headed ogre, an orc sorcerer, 2 orc warriors and an orc.

Vanquished Creatures
  4 two-headed ogres
  2 trolls
  2 hornets
  A wraith (D:10)
  A spriggan (D:10)
  12 yaks (D:10)
  2 steam dragons
  3 vampire mosquitoes (D:10)
  3 acid dragons
  3 water moccasins
  3 orc warriors
  An ice beast (D:7)
  3 centaurs
  3 phantoms
  2 bullfrogs
  10 kobold brigands
  3 scorpions
  5 wights (D:7)
  3 killer bees (D:7)
  5 howler monkeys
  A hound (D:5)
  A jelly (D:4)
  3 orc priests
  4 iguanas
  3 sleepcaps
  14 orc wizards
  16 gnolls (D:4)
  2 river rats (Sewer)
  11 adders
  3 white imps
  6 worms
  4 dart slugs
  26 orcs
  11 ball pythons
  10 endoplasms
  2 giant cockroaches
  5 goblins
  12 hobgoblins
  11 jackals
  4 quokkas
  A bat (D:1)
  2 frilled lizards (D:1)
  52 kobolds
  15 rats
290 creatures vanquished.

Vanquished Creatures (others)
  14 fulminant prisms
14 creatures vanquished.

Grand Total: 304 creatures vanquished

Notes
Turn   | Place    | Note
-------+----------+-------------------------------------------
     0 | D:1      | Heoruswealwe the Deep Elf Conjurer began the quest for the
                  | Orb.
     0 | D:1      | Reached XP level 1. HP: 10/10 MP: 6/6
   155 | D:1      | Reached XP level 2. HP: 15/15 MP: 0/8
   158 | D:1      | Learned a level 2 spell: Searing Ray
   449 | D:1      | Reached skill level 4 in Spellcasting
   487 | D:1      | Reached skill level 5 in Conjurations
   487 | D:1      | Reached XP level 3. HP: 19/19 MP: 1/10
   491 | D:1      | Learned a level 3 spell: Dazzling Flash
   980 | D:2      | Found a white marble altar of Elyvilon.
  1645 | D:2      | Reached XP level 4. HP: 24/24 MP: 8/12
  1650 | D:2      | Learned a level 4 spell: Iskenderun's Mystic Blast
  1891 | D:1      | You fall into a shaft and drop 1 floor!
  2037 | D:3      | Found a faded altar of an unknown god.
  2839 | D:4      | Reached skill level 5 in Spellcasting
  3054 | D:4      | Reached XP level 5. HP: 28/28 MP: 1/15
  3097 | D:4      | You are sucked into a shaft and drop 3 floors!
  3152 | D:6      | Reached skill level 6 in Spellcasting
  3161 | D:6      | Learned a level 4 spell: Fulminant Prism
  3200 | D:6      | Identified the +9 sling "Sinohy" {drain, Will+}
  3410 | D:6      | Reached XP level 6. HP: 17/32 MP: 7/17
  3640 | D:6      | Reached skill level 7 in Spellcasting
  3648 | D:6      | Learned a level 5 spell: Arcjolt
  3712 | D:5      | Entered Level 5 of the Dungeon
  3858 | D:5      | Found Poamup's Armour Shop.
  3863 | D:5      | Bought a +0 helmet of see invisible for 172 gold pieces
  3882 | D:5      | Reached XP level 7. HP: 36/36 MP: 6/20
  3890 | D:5      | Found a glowing drain.
  3979 | Sewer    | Entered a sewer
  4041 | Sewer    | Reached skill level 8 in Spellcasting
  4710 | Sewer    | Reached skill level 9 in Spellcasting
  4852 | Sewer    | Reached XP level 8. HP: 41/41 MP: 17/23
  5021 | D:4      | Found a staircase to the Ecumenical Temple.
  5026 | Temple   | Entered the Ecumenical Temple
  5164 | Temple   | Became a worshipper of Vehumet
  5389 | D:4      | Learned a level 3 spell: Hailstorm
  5614 | D:4      | Reached skill level 10 in Spellcasting
  5724 | D:4      | Reached * piety under Vehumet
  5724 | D:4      | Offered knowledge of Kiss of Death by Vehumet.
  5981 | D:4      | Learned a level 1 spell: Kiss of Death
  6509 | D:5      | Offered knowledge of Sandblast by Vehumet.
  6518 | D:5      | Reached ** piety under Vehumet
  6935 | D:7      | Reached skill level 11 in Spellcasting
  7095 | D:7      | Reached skill level 10 in Conjurations
  7109 | D:7      | Noticed a troll
  7116 | D:7      | Reached XP level 9. HP: 39/45 MP: 5/26
  7474 | D:7      | Reached skill level 12 in Spellcasting
  7550 | D:7      | Killed a troll
  7979 | D:8      | Found Tyhopp's Jewellery Boutique.
  7994 | D:8      | Offered knowledge of Inner Flame by Vehumet.
  8007 | D:8      | Bought a ring of flight for 245 gold pieces
  8094 | D:8      | Reached skill level 13 in Spellcasting
  8143 | D:8      | Reached *** piety under Vehumet
  8188 | D:8      | Noticed a two-headed ogre
  8190 | D:8      | Killed a two-headed ogre
  8191 | D:8      | Reached XP level 10. HP: 49/50 MP: 20/29
  8409 | D:5      | You fall into a shaft and drop 1 floor!
  8842 | D:1      | Gained mutation: You are robust. (+10% HP) [potion of
                  | mutation]
  8842 | D:1      | Gained mutation: A frigid envelope surrounds you and
                  | freezes all who hurt you. [potion of mutation]
  8842 | D:1      | Gained mutation: You are vulnerable to heat. (rF-) [potion
                  | of mutation]
  9710 | D:4      | You are sucked into a shaft and drop 1 floor!
 10249 | D:9      | Reached skill level 14 in Spellcasting
 10325 | D:9      | Noticed a +0 hand axe
 10326 | D:9      | Found a hide-covered altar of Uskayaw.
 10326 | D:9      | Noticed a +0 dagger
 10393 | D:9      | Found Siosiop's General Store.
 10447 | D:9      | Found Inot's Book Emporium.
 10448 | D:9      | Found Ladi's Weapon Shop.
 10554 | D:9      | Found a white marble altar of Elyvilon.
 10655 | D:9      | Found Acrocesmo's Antique Armour Shoppe.
 10665 | D:9      | Bought a glowing robe for 92 gold pieces
 10912 | D:9      | Found Bacev's Jewellery Shoppe.
 10973 | D:10     | Entered Level 10 of the Dungeon
 11015 | D:10     | Found Qudaex's Antique Armour Shop.
 11106 | D:10     | Offered knowledge of Volatile Blastmotes by Vehumet.
 11167 | D:10     | Found a sacrificial altar of Ru.
 11217 | D:10     | Reached skill level 15 in Spellcasting
 11407 | D:10     | Noticed a two-headed ogre
 11407 | D:10     | Noticed a two-headed ogre
 11415 | D:10     | Killed a two-headed ogre
 11417 | D:10     | Killed a two-headed ogre
 11418 | D:10     | Reached XP level 11. HP: 59/59 MP: 19/32
 11427 | D:10     | Found the +12 pair of quick blades "Gyre" and "Gimble"
                  | {protect}
 11492 | D:10     | Noticed a two-headed ogre
 11660 | D:10     | Found a transporter.
 11664 | D:10     | Found a transporter.
 11666 | D:10     | Noticed a two-headed ogre
 11668 | D:10     | Noticed an orc sorcerer
 11815 | D:10     | Noticed a two-headed ogre
 11818 | D:10     | Reached **** piety under Vehumet
 11819 | D:10     | Reached skill level 16 in Spellcasting
 11822 | D:10     | Killed a two-headed ogre
 11922 | D:10     | Found a portal to a secret trove of treasure.
 11942 | D:10     | Found a bloodstained altar of Trog.
 12010 | D:10     | Noticed an ogre mage
 12014 | D:10     | Offered knowledge of Sticky Flame by Vehumet.
 12016 | D:10     | Slain by a two-headed ogre

Illustrated notes

Levels and vault maps discovered:
D:1:      roderic_chinese_lattice_arrival, layout_basic
D:2:      layout_basic, serial_forest, infiniplex_forest_clump_diagonal,
          infiniplex_forest_end_2, infiniplex_forest_clump_cross,
          infiniplex_forest_straight_3, infiniplex_forest_clump_double,
          infiniplex_forest_end_2, infiniplex_forest_zigzag_2, basic_altar,
          minmay_rat_gold_closets
D:3:      layout_loops_ring, dreamdust_ecumenical_altar_grove, kennysheep_nub,
          roderic_roman_lattice
D:4:      minmay_goblin_kobold_castle, layout_basic, temple_doors_e
D:5:      nicolae_cairo_tiling_large_dashed, layout_rooms, serial_shops,
          nicolae_shop_hallway_stairs, cheibrodos_sewer_entry_drain
D:6:      layout_gridville
D:7:      layout_cave_pools, chequers_serial_rivers_micro_a
D:8:      layout_loops_cross, serial_shops, shop, ebering_dispersal_statue_hall
D:9:      layout_small_grid, dancing_weapons_uskayaw,
          nicolae_elyvilon_temple_path, serial_shops,
          nicolae_shop_back_alley_shop, shop, shop, shop,
          nicolae_shop_window_shopping
D:10:     gammafunk_beogh_shrine, layout_long_grid, kennysheep_mini,
          lemuel_crystal_altar, enter_trove_0, serial_shops,
          nicolae_diamond_shop, hellmonk_guarded_unrand_gyre_and_gimble
Temple:   hc_temple_tempest_star

Skill      XL: |  1  2  3  4  5  6  7  8  9 10 11 |
---------------+----------------------------------+-----
Spellcasting   | 4 5 6 7 9 11 13 15 16 | 16.3
Conjurations   | 5 6 7 8 10 12 13 14 | 14.3
Dodging        | |  2.4
Stealth        | |  2.4

Action                     |  1- 3 |  4- 6 |  7- 9 | 10-12 || total
---------------------------+-------+-------+-------+-------++-------
  Melee: Unarmed           |    76 |    18 |     2 |       ||    96
         War axe           |       |       |       |   510 ||   510
         Punch             |       |       |       |    14 ||    14
         Staff             |       |       |       |    13 ||    13
   Cast: Magic Dart        |    96 |    98 |   207 |    97 ||   498
         Searing Ray       |       |    11 |    33 |    10 ||    54
         Fulminant Prism   |       |       |    13 |     1 ||    14
         Iskenderun's Myst |       |       |    13 |    32 ||    45
         Hailstorm         |       |       |    15 |    15 ||    30
    Use: Potion            |       |     6 |     4 |     9 ||    19
         Scroll            |       |     8 |     2 |     6 ||    16
 Armour: Robe              |     6 |    11 |     6 |     3 ||    26
         Skin              |       |    27 |       |       ||    27
  Dodge: Dodged            |    22 |    23 |    37 |    12 ||    94
  Block: Other             |       |       |     7 |     3 ||    10
         Reflection        |       |       |     3 |     1 ||     4
